 Dungeon Crawl Stone Soup version 0.24.0 (webtiles) character file.

Game seed: 7347331215382345398, levelgen mode: deterministic

61 Mrkan the Skirmisher (level 3, -7/29 HPs)
             Began as a Minotaur Monk on Oct 24, 2019.
             Was a Believer of Hepliaklqana.
             Mangled by Crazy Yiuf
             ... wielding a +3 quarterstaff of chaos
              (17 damage)
             ... on level 2 of the Dungeon.
             The game lasted 00:05:30 (1584 turns).

Mrkan the Skirmisher (Minotaur Monk)                Turns: 1584, Time: 00:05:30

Health: -7/29      AC:  2    Str: 16    XL:     3   Next: 83%
Magic:  2/2        EV: 13    Int:  7    God:    Hepliaklqana [**....]
Gold:   113        SH:  0    Dex: 12    Spells: 2/2 levels left

rFire    . . .     SeeInvis .   d - +2 whip (elec)
rCold    . . .     Gourm    .   (no shield)
rNeg     . . .     Faith    .   b - +0 robe
rPois    .         Spirit   .   (helmet restricted)
rElec    .         Reflect  .   h - scarf {repulsion}
rCorr    .         Harm     .   (no gloves)
MR       .....                  (no boots)
Stlth    ++........             (no amulet)
HPRegen  0.09/turn              (no ring)
MPRegen  0.08/turn              (no ring)

@: repel missiles
A: retaliatory headbutt, reduced essence, horns 2
a: Recall Ancestor, Ancestor Identity, Renounce Religion


You were on level 2 of the Dungeon.
You worshipped Hepliaklqana.
Hepliaklqana was pleased with you.
You were very hungry.

You visited 1 branch of the dungeon, and saw 2 of its levels.

You collected 113 gold pieces.

Inventory:

Hand Weapons
 d - a +2 whip of electrocution (weapon)
Armour
 a - a +2 cloak
 b - a +0 robe (worn)
 h - a scarf of repulsion (worn)
Jewellery
 e - a cursed -3 ring of strength {unknown}
 k - an uncursed amulet of faith {unknown}
Scrolls
 g - 2 scrolls of identify {unknown}
 i - 2 scrolls of amnesia {unknown}
 j - a scroll of teleportation {unknown}
 l - a scroll of magic mapping {unknown}
 m - 2 scrolls of remove curse {unknown}
Potions
 f - a potion of might {unknown}
 o - a potion of haste {unknown}
Comestibles
 c - 5 rations


   Skills:
 + Level 4.2 Fighting
   Level 3.7(4.2) Axes
 * Level 2.8(3.7) Maces & Flails
 + Level 1.9 Armour
 - Level 3.2 Dodging
 - Level 1.5 Stealth


You had 2 spell levels left.
You didn't know any spells.
Your spell library was empty.

Dungeon Overview and Level Annotations

Branches:
Dungeon (2/15)

Altars:
Hepliaklqana

Annotations:
D:2 Crazy Yiuf


Innate Abilities, Weirdness & Mutations

You reflexively headbutt those who attack you in melee.
You have a pair of horns on your head.
Your life essence is reduced to manifest your ancestor. (-10% HP)


Message History

Found a mace.
You see here a mace.
You see here a mace.
Found three maces.
You see here a mace.
You open the door.
You swap places.
Crazy Yiuf hits Tlalli with a +3 quarterstaff of chaos!
Crazy Yiuf freezes Tlalli.
Tlalli is destroyed!
You see here a mace.
Crazy Yiuf laughs, "Tonal ragdoll wrapper!"
You hit Crazy Yiuf.
Crazy Yiuf is lightly wounded.
Crazy Yiuf drinks a potion.
Crazy Yiuf goes berserk!
You hit Crazy Yiuf but do no damage. You headbutt Crazy Yiuf!
Crazy Yiuf is moderately wounded.
Crazy Yiuf hits you with a +3 quarterstaff of chaos!
Ouch! That really hurt!
You die...

##### #.... #.###
#####.##. ## ###♣♣♣♣♣
#..##.##. .##
##...)♣)♣♣♣ ###
##.##.##.
#.######.....)♣)@♣#)))#
#.......
#............♣♣♣♣g')).#
#####.###
#.######....♣♣ ♣♣#)))#
#...#.# .## #.##♣♣ ###
###.#.### ##### #.#
###.#.... ....# #.#
#........
###.####.####### ###
####.####
#............# #.# #.#
########.......# #(#
#.#


You could see Crazy Yiuf (berserk).

Vanquished Creatures
  2 adders (D:2)
  A worm (D:2)
  A leopard gecko (D:1)
  3 giant cockroaches
  3 goblins (D:1)
  3 hobgoblins
  5 jackals
  A quokka (D:2)
  2 ball pythons (D:1)
  4 bats (D:2)
  2 frilled lizards
  7 kobolds
  6 rats
40 creatures vanquished.

Vanquished Creatures (others)
  A hexer (D:2)
1 creature vanquished.

Grand Total: 41 creatures vanquished

Notes
Turn   | Place    | Note
-------+----------+-------------------------------------------
     0 | D:1      | Mrkan the Minotaur Monk began the quest for the Orb.
     0 | D:1      | Reached XP level 1. HP: 19/19 MP: 0/0
   254 | D:1      | Reached skill level 1 in Maces & Flails
   255 | D:1      | Reached XP level 2. HP: 23/27 MP: 1/1
   349 | D:1      | Reached skill level 1 in Armour
   534 | D:1      | Reached skill level 4 in Fighting
   644 | D:2      | Reached XP level 3. HP: 22/33 MP: 2/2
   662 | D:2      | HP: 1/33 [poisoned by an adder]
  1150 | D:2      | Found a hazy altar of Hepliaklqana.
  1269 | D:2      | Became a worshipper of Hepliaklqana the Forgotten
  1269 | D:2      | Reached * piety under Hepliaklqana
  1269 | D:2      | Reached ** piety under Hepliaklqana
  1270 | D:2      | Remembered your ancestor Tlalli as a hexer
  1576 | D:2      | Found a runed translucent door.
  1577 | D:2      | Noticed Crazy Yiuf
  1584 | D:2      | Mangled by Crazy Yiuf

Levels and vault maps discovered:
D:1:      roderic_octagonal_star, layout_rooms, grunt_decor_arrowhead
D:2:      layout_loops_ring, lemuel_coloured_pillars_altar,
          uniq_crazy_yiuf_cottage
